 Dungeon Crawl Stone Soup version 0.22-a0-480-g991dd4b (webtiles) character file.

6865 Laiders72 the Fighter (level 10, -1/144 HPs)
             Began as a Minotaur Berserker on June 16, 2018.
             Was an Elder of Trog.
             Slain by Laiders72's ghost (6 damage)
             ... on level 10 of the Dungeon on June 17, 2018.
             The game lasted 00:19:49 (8547 turns).

Laiders72 the Fighter (Minotaur Berserker)          Turns: 8547, Time: 00:19:50

Health: -1/144     AC: 18    Str: 28    XL:     10   Next: 78%
Magic:  9/9        EV: 12    Int:  4    God:    Trog [****..]
Gold:   119        SH:  5    Dex: 12    Spells: 9/9 levels left

rFire    + . .     SeeInvis .   x - +1 flail
rCold    . . .     Gourm    .   l - +0 buckler
rNeg     . . .     Faith    .   t - +0 chain mail {rF+}
rPois    .         Spirit   .   i - +2 hat
rElec    .         Reflect  .   (no cloak)
rCorr    .         Harm     .   a - +1 pair of gloves
MR       .....                  E - +2 pair of boots {run}
Stlth    ..........             (no amulet)
HPRegen  0.34/turn              (no ring)
MPRegen  0.11/turn              (no ring)

@: berserking, very quick
A: retaliatory headbutt, horns 2
a: Berserk, Trog's Hand, Brothers in Arms, Renounce Religion


You were on level 10 of the Dungeon.
You worshipped Trog.
Trog was greatly pleased with you.
You were not hungry.

You visited 1 branch of the dungeon, and saw 10 of its levels.

You collected 299 gold pieces.
You spent 180 gold pieces at shops.

Inventory:

Hand Weapons
 x - a +1 flail (weapon)
Missiles
 s - 2 throwing nets (quivered)
Armour
 a - a +1 pair of gloves (worn)
 i - a +2 hat (worn)
 l - a +0 buckler (worn)
 q - a +0 shield
 t - a +0 chain mail of fire resistance (worn)
 E - a +2 pair of boots of running (worn)
Wands
 H - a wand of flame (34)
 J - a wand of digging (10)
Scrolls
 b - 7 scrolls of remove curse
 d - 2 scrolls of enchant armour
 f - 2 scrolls of teleportation {unknown}
 h - a scroll of silence {unknown}
 j - 2 scrolls of enchant weapon
 k - 3 scrolls of fear
 m - a scroll of blinking {unknown}
 v - a scroll of fog
 w - 3 scrolls of identify
 y - a scroll of immolation {unknown}
 D - 3 scrolls of magic mapping {unknown}
Potions
 e - 7 potions of curing
 g - 2 potions of resistance {unknown}
 n - 2 potions of berserk rage {unknown}
 o - 5 potions of flight
 p - 5 potions of degeneration {unknown}
 r - 2 potions of mutation {unknown}
 u - 2 potions of might {unknown}
 z - a potion of agility
 A - 2 potions of heal wounds
 B - a potion of cancellation {unknown}
 C - a potion of lignification {unknown}
 F - a potion of brilliance {unknown}
Miscellaneous
 G - a sack of spiders
Comestibles
 c - 9 rations


   Skills:
 * Level 11.6 Fighting
 * Level 11.6 Maces & Flails
 + Level 8.2 Armour
 + Level 7.6 Dodging
 - Level 4.0 Shields


You had 9 spell levels left.
You didn't know any spells.
Your spell library was empty.

Dungeon Overview and Level Annotations

Branches:
Dungeon (10/15)            Temple (0/1) D:7
   Lair: D:8-11         Orc: D:9-12

Altars:
Fedhas
Gozag
Hepliaklqana
Nemelex Xobeh
Ru
Trog
Xom

Shops:
D:6 *

Annotations:
D:10 Erica; Laiders72's ghost, journeyman MiBe


Innate Abilities, Weirdness & Mutations

You reflexively headbutt those who attack you in melee.
You have a pair of horns on your head.


Message History

Your two-headed ogre misses Laiders72's ghost.
You miss Laiders72's ghost.
Laiders72's ghost is heavily damaged.
Laiders72's ghost hits you!!
* * * LOW HITPOINT WARNING * * *
You miss Laiders72's ghost.
You headbutt Laiders72's ghost, but do no damage.
Laiders72's ghost is heavily damaged.
Your two-headed ogre hits Laiders72's ghost but does no damage.
Your two-headed ogre hits Laiders72's ghost with a giant club!!
You barely miss Laiders72's ghost.
Laiders72's ghost is severely damaged.
Laiders72's ghost hits you!!
* * * LOW HITPOINT WARNING * * *
You are too berserk!
You swap places.
Your two-headed ogre misses Laiders72's ghost.
Your two-headed ogre hits Laiders72's ghost with a giant club!!
Laiders72's ghost hits you.
You die...

....................
................o...
...........o........
..........@.........
....................
...!................
....................
....................
.........@O.........
..........W.........
.#####.#######......
#. ...... #. .....
#. ....


You could see Erica, an orc priest, an orc wizard, Laiders72's ghost and a
friendly two-headed ogre (berserk).

Vanquished Creatures
  The ghost of anything the Covert, a novice OpAs (D:5)
  Joseph (D:7)
  Psyche (D:8)
  Prince Ribbit (D:8)
  Grum (D:8)
  A hungry ghost (D:9)
  2 orc warriors (D:8)
  2 ice beasts (D:8)
  A sky beast (D:6)
  2 phantoms
  4 wolves (D:8)
  5 ogres
  2 centaurs (D:6)
  A big kobold (D:8)
  4 bullfrogs
  A gnoll sergeant (D:2)
  4 scorpions
  6 killer bees
  3 howler monkeys
  4 bullfrog zombies
  A centaur zombie (D:5)
  4 crimson imps
  2 jellies
  4 orc priests
  2 bullfrog skeletons
  4 hounds
  9 orc wizards
  Natasha (twice) (D:2)
  Terence (D:2)
  4 worker ants
  A hound zombie (D:6)
  A hound skeleton (D:4)
  Robin (D:3)
  A worker ant zombie (D:9)
  15 gnolls
  9 adders
  4 shadow imps
  2 oozes
  2 worms
  3 adder skeletons
  3 dart slugs
  2 leopard geckos
  33 orcs
  5 giant cockroaches
  15 goblins
  7 hobgoblins
  9 jackals
  2 quokkas (D:2)
  A ball python skeleton (D:4)
  5 bats
  4 frilled lizards
  8 kobolds
  4 rats
217 creatures vanquished.

Vanquished Creatures (collateral kills)
  3 two-headed ogres
  An ogre (D:9)
  A crimson imp (D:9)
  An adder zombie (D:9)
6 creatures vanquished.

Grand Total: 223 creatures vanquished

Notes
Turn   | Place    | Note
-------+----------+-------------------------------------------
     0 | D:1      | Laiders72 the Minotaur Berserker began the quest for the Orb.
     0 | D:1      | Reached XP level 1. HP: 19/19 MP: 0/0
   215 | D:1      | Reached XP level 2. HP: 25/27 MP: 1/1
  1182 | D:2      | Reached XP level 3. HP: 33/33 MP: 2/2
  1215 | D:2      | Noticed Terence
  1224 | D:2      | Killed Terence
  1265 | D:2      | Noticed a gnoll sergeant
  1279 | D:2      | Reached XP level 4. HP: 41/41 MP: 3/3
  1285 | D:2      | Killed a gnoll sergeant
  1287 | D:2      | Reached skill level 5 in Fighting
  1287 | D:2      | Reached XP level 5. HP: 38/48 MP: 4/4
  1289 | D:2      | Reached skill level 5 in Maces & Flails
  1298 | D:2      | Reached ** piety under Trog
  1681 | D:2      | Found a shimmering altar of Xom.
  1785 | D:2      | Noticed Natasha
  1799 | D:2      | Killed Natasha
  1799 | D:2      | Reached skill level 1 in Shields
  1971 | D:2      | Noticed Natasha
  1980 | D:2      | Killed Natasha
  1980 | D:2      | Reached XP level 6. HP: 51/56 MP: 5/5
  2122 | D:3      | Noticed Robin
  2136 | D:3      | Killed Robin
  2737 | D:3      | Reached *** piety under Trog
  2820 | D:3      | Reached XP level 7. HP: 63/63 MP: 6/6
  3112 | D:4      | Found a sacrificial altar of Ru.
  3439 | D:4      | Found an opulent altar of Gozag.
  3749 | D:5      | Entered Level 5 of the Dungeon
  3861 | D:5      | Noticed anything's ghost (novice OpAs)
  3868 | D:5      | Killed anything's ghost
  3868 | D:5      | Reached XP level 8. HP: 73/73 MP: 7/7
  3934 | D:5      | Reached skill level 5 in Armour
  4394 | D:6      | Found an opulent altar of Gozag.
  4410 | D:6      | Reached skill level 5 in Dodging
  4637 | D:6      | Found a blossoming altar of Fedhas.
  4649 | D:6      | Found Uqiwka's Assorted Antiques.
  5003 | D:6      | Found a sparkling altar of Nemelex Xobeh.
  5164 | D:7      | Reached XP level 9. HP: 82/82 MP: 8/8
  5356 | D:7      | Reached **** piety under Trog
  5486 | D:7      | Found a staircase to the Ecumenical Temple.
  5809 | D:7      | Found a bloodstained altar of Trog.
  5809 | D:7      | Noticed Joseph
  5821 | D:7      | Killed Joseph
  5964 | D:6      | Bought a pair of embroidered boots for 180 gold pieces
  5970 | D:6      | Identified a +2 pair of boots of running (You bought it in a shop on level 6 of the Dungeon)
  6125 | D:8      | Noticed Grum
  6145 | D:8      | Killed Grum
  6145 | D:8      | Reached skill level 10 in Fighting
  6145 | D:8      | Reached skill level 10 in Maces & Flails
  6265 | D:8      | Noticed Prince Ribbit
  6272 | D:8      | Killed Prince Ribbit
  6311 | D:8      | Reached XP level 10. HP: 65/93 MP: 9/9
  6444 | D:8      | Noticed Psyche
  6456 | D:8      | Killed Psyche
  6654 | D:8      | Found a hazy altar of Hepliaklqana.
  6814 | D:8      | Noticed a two-headed ogre
  6825 | D:8      | Killed a two-headed ogre
  7210 | D:9      | Got a glittering glass ring
  7294 | D:9      | Noticed a two-headed ogre
  7314 | D:9      | Killed a two-headed ogre
  7637 | D:9      | Identified the ring of Senkim {*Tele rC+ SInv} (You found it on level 9 of the Dungeon)
  7656 | D:9      | Noticed a two-headed ogre
  7676 | D:9      | Killed a two-headed ogre
  8300 | D:10     | Entered Level 10 of the Dungeon
  8311 | D:10     | Noticed Laiders72's ghost (journeyman MiBe)
  8312 | D:10     | Noticed Erica
  8546 | D:10     | HP: 5/144 [Laiders72's ghost (22)]
  8547 | D:10     | Slain by Laiders72's ghost

Vault maps used:
D:1:      minmay_arrival_pointy, minmay_misc_feat_rugged, st_stairs_6,
          kennysheep_pointless_box
D:2:      lemuel_round_altar, mrwooster_statue_mirror, uniq_natasha,
          uniq_terence
D:3:      uniq_robin
D:4:      nicolae_ru_awakened_eye, grunt_gozag_statues, first_ration
D:6:      overflow_temple_1_default, marbit_many_paths, basic_altar,
          serial_shops, nicolae_shop_overgrown_old_shop
D:7:      lightli_temple_of_fire, temple_statues, uniq_joseph
D:8:      lemuel_doored_altar, uniq_prince_ribbit1, uniq_psyche, uniq_grum
D:10:     basic_altar, uniq_erica

Skill      XL: |  1  2  3  4  5  6  7  8  9 10 |
---------------+-------------------------------+-----
Fighting       | 4 5 6 7 8 10 11 | 11.6
Maces & Flails | 4 5 6 7 8 10 11 | 11.6
Armour         | 3 4 5 7 8 |  8.2
Dodging        | 3 4 5 6 7 |  7.6
Shields        | 1 2 3 4 |  4.0

Action                   |  1- 3 |  4- 6 |  7- 9 | 10-12 || total
-------------------------+-------+-------+-------+-------++-------
Melee: Mace              |    54 |   109 |       |       ||   163
       Headbutt          |     9 |    22 |    61 |    32 ||   124
       Flail             |       |    39 |   291 |   157 ||   487
Throw: Throwing net      |       |       |       |     1 ||     1
Invok: Berserk           |     1 |     2 |     5 |     2 ||    10
       Trog's Hand       |       |     1 |     3 |       ||     4
       Brothers in Arms  |       |       |       |     4 ||     4
  Use: Scroll            |       |       |     9 |     1 ||    10
 Stab: Sleeping          |     1 |       |       |       ||     1
  Eat: Chunk             |     1 |     7 |    11 |     5 ||    24
       Ration            |       |       |     2 |     2 ||     4
Armor: Animal skin       |     6 |       |       |       ||     6
       Chain mail        |    20 |    83 |   157 |    63 ||   323
Dodge: Dodged            |    34 |    51 |   133 |    90 ||   308
Block: Buckler           |     1 |    27 |    47 |    31 ||   106

Table legend:
 A = Spawn XP
 B = Non-spawn XP
 C = Spawn XP percentage of total XP
 D = Spawn monster count
 E = Non-spawn monster count
 F = Spawn count percentage of total count
 G = Total turns spent on level
                    A         B        C        D         E        F      G
               +---------+---------+-------+---------+---------+-------+---------
         Total |       0 |    9808 |   0.0 |       0 |     223 |   0.0 |  8547
               +---------+---------+-------+---------+---------+-------+---------
           D:1 |       0 |      35 |   0.0 |       0 |      17 |   0.0 |  1173
           D:2 |       0 |     355 |   0.0 |       0 |      29 |   0.0 |   934
           D:3 |       0 |     391 |   0.0 |       0 |      42 |   0.0 |   999
           D:4 |       0 |     191 |   0.0 |       0 |       8 |   0.0 |   737
           D:5 |       0 |     767 |   0.0 |       0 |      14 |   0.0 |   446
           D:6 |       0 |    1041 |   0.0 |       0 |      25 |   0.0 |   952
           D:7 |       0 |    1076 |   0.0 |       0 |      15 |   0.0 |   782
           D:8 |       0 |    3628 |   0.0 |       0 |      42 |   0.0 |  1130
           D:9 |       0 |    2282 |   0.0 |       0 |      29 |   0.0 |  1361
          D:10 |       0 |      42 |   0.0 |       0 |       2 |   0.0 |    33
               +---------+---------+-------+---------+---------+-------+---------
